 Dungeon Crawl Stone Soup version 0.29-a0-283-ga02f740833 (webtiles) character file.

Game seed: 8869514036824431829

107 Dabor the Covered (level 4, 0/29 HPs)
             Began as a Gargoyle Fighter on Mar 13, 2022.
             Slain by a gnoll
             ... wielding a +0 halberd
              (6 damage)
             ... on level 3 of the Dungeon.
             The game lasted 00:03:00 (2817 turns).

Dabor the Covered (Gargoyle Fighter)                Turns: 2817, Time: 00:03:00

Health: 0/29       AC: 13    Str: 22    XL:     4   Next: 85%
Magic:  4/4        EV: 10    Int:  8    God:
Gold:   132        SH:  4    Dex:  9    Spells: 3/3 levels left

rFire   . . .      SeeInvis .   a - +0 flail
rCold   . . .      Faith    .   c - +0 buckler
rNeg    + . .      Spirit   .   i - +2 ring mail {Will+}
rPois   ∞          Reflect  .   (no helmet)
rElec   +          Harm     .   (no cloak)
rCorr   .          Rampage  .   l - +1 pair of gloves
Will    ++...                   (no boots)
Stlth   ..........              (no amulet)
HPRegen 0.09/turn               f - ring of willpower
MPRegen 0.09/turn               (no ring)

@: mighty
A: sickness immunity, AC +3, negative energy resistance 1, electricity
resistance, torment resistance 1, petrification resistance
a: no special abilities


You were on level 3 of the Dungeon.
You visited 1 branch of the dungeon, and saw 3 of its levels.

You collected 132 gold pieces.

Inventory:

Hand Weapons
 a - a +0 flail (weapon)
Armour
 b - a +0 scale mail
 c - a +0 buckler (worn)
 i - a +2 ring mail of willpower (worn)
 l - a +1 pair of gloves (worn)
Jewellery
 f - a ring of willpower (left hand)
Scrolls
 e - 3 scrolls of vulnerability {unknown}
 g - a scroll of fear {unknown}
Potions
 d - a potion of might
 h - 2 potions of attraction {unknown}
 j - 2 potions of haste {unknown}
 k - a potion of curing {unknown}
 m - a potion of heal wounds {unknown}


   Skills:
 + Level 4.1 Fighting
 + Level 2.9 Maces & Flails
 + Level 4.1 Armour
 + Level 4.1 Shields


You had 3 spell levels left.
You didn't know any spells.
Your spell library was empty.

Dungeon Overview and Level Annotations

Branches:
Dungeon (3/15)

Altars:
Cheibriados
Kikubaaqudgha


Innate Abilities, Weirdness & Mutations

You are immune to sickness and miasma.
Your stone body is resilient. (AC +3)
You are immune to poison.
You resist negative energy. (rN+)
You are resistant to electric shocks. (rElec)
You are resistant to unholy torment.
You are immune to petrification.


Message History

The gnoll shouts!
You hear a shout!
A gnoll comes into view. It is wielding a +0 halberd.
Found a pair of boots, a leather armour and a dented lapis lazuli amulet.
The gnoll shouts!
You hear a shout!
A gnoll comes into view. It is wielding a +0 halberd.
There are monsters nearby!
An ice beast comes into view.
There are monsters nearby!
The gnoll closely misses you.
A dart slug comes into view.
There are monsters nearby!
You sock the gnoll!
You kill the gnoll!
The gnoll barely misses you. You block the gnoll's attack.
There are monsters nearby!
You barely miss the gnoll.
The gnoll hits you from afar with a +0 halberd.
The gnoll hits you but does no damage.
There are monsters nearby!
You barely miss the gnoll. The gnoll misses you. You block the gnoll's attack.
Sorry, you're not good enough to have a special ability.
You feel very mighty all of a sudden. The gnoll hits you with a +0 halberd!
The gnoll barely misses you.
You hit the gnoll.
The gnoll is moderately wounded.
The gnoll closely misses you. The gnoll misses you.
You barely miss the gnoll.
The gnoll is moderately wounded.
You block the gnoll's attack.
The gnoll hits you but does no damage. x2
The gnoll hits you with a +0 halberd.
You barely miss the gnoll.
The gnoll is moderately wounded.
You block the gnoll's attack. The gnoll hits you with a +0 halberd.
You are too injured to fight recklessly!
You closely miss the gnoll.
The gnoll is moderately wounded.
The gnoll hits you from afar with a +0 halberd.
* * * LOW HITPOINT WARNING * * *
The gnoll hits you with a +0 halberd.
You die...

####..##..########...##.######.##
................###.8.##.....#.##
####...##....#### ##.8.##......##
####......##.# ##.8.####.###
...<...##....# ##.8.##.#.##
...###.####### ##.8.####.## ...#
#.# ## ##.8†####.# .#.# #.# ##)##
##.8.##.## .#.# #.# ##@8.##
##.8.### ##.# #.# ##.8g8.##
##.8.## #.# #. ##.8.gY8.# ##.8.##
#.# ### #.8.##w[."# ##.8.# ##.#
#.# ##.8.##.8... ##.8.## ...# #.#
##.8.##.8.8 ##.8.### ######.#
##.8.##.8.##.8.## .......#
##.8.##.##.8.## ..#######
##.8.###.8.##


You could see an ice beast, 2 gnolls and a dart slug.

Vanquished Creatures
  4 adders
  2 gnolls
  A dart slug (D:3)
  5 ball pythons
  8 endoplasms
  A giant cockroach (D:2)
  3 goblins (D:1)
  7 hobgoblins
  4 jackals
  2 kobolds (D:2)
  A quokka (D:1)
  3 bats (D:3)
  4 rats
45 creatures vanquished.

Notes
Turn   | Place    | Note
-------+----------+-------------------------------------------
     0 | D:1      | Dabor the Gargoyle Fighter began the quest for the Orb.
     0 | D:1      | Reached XP level 1. HP: 14/14 MP: 1/1
    79 | D:1      | Found a faded altar of an unknown god.
   353 | D:1      | Reached XP level 2. HP: 18/19 MP: 2/2
   960 | D:1      | Reached XP level 3. HP: 20/23 MP: 3/3
  1519 | D:2      | Reached XP level 4. HP: 29/29 MP: 4/4
  1644 | D:2      | Found an ancient bone altar of Kikubaaqudgha.
  2700 | D:3      | Found a snail-covered altar of Cheibriados.
  2808 | D:3      | Noticed an ice beast
  2817 | D:3      | Slain by a gnoll

Illustrated notes

Levels and vault maps discovered:
D:1:      evilmike_arrival_crescent, layout_basic,
          dreamdust_ecumenical_altar_grove
D:2:      layout_basic, basic_altar
D:3:      minmay_inner_zag, layout_loops_ring, general_overflow_altar

Skill      XL: |  1  2  3  4 |
---------------+-------------+-----
Armour         | 4 |  4.1
Fighting       | 4 |  4.1
Shields        | 4 |  4.1
Maces & Flails | |  2.9

Action                   |  1- 3 |  4- 6 || total
-------------------------+-------+-------++-------
Melee: Flail             |    82 |    74 ||   156
  Use: Potion            |       |     1 ||     1
Armor: Scale mail        |    47 |     8 ||    55
       Ring mail         |       |    32 ||    32
Dodge: Dodged            |    35 |    47 ||    82
Block: Buckler           |    20 |    15 ||    35

Table legend: (Time is in decaauts)
 A = Elapsed time spent in this place.
 B = Non-inter-level travel time spent in this place.
 C = Inter-level travel time spent in this place.
 D = Time resting spent in this place.
 E = Time spent auto-exploring this place.
 F = Levels seen in this place.
 G = Mean time per level.
                   A        B        C        D        E       F      G
               +--------+--------+--------+--------+--------+-----+--------+
         Total |   2865 |   2724 |    141 |      0 |   2342 |   3 |  955.0 |
       Dungeon |   2865 |   2724 |    141 |      0 |   2342 |   3 |  955.0 |
               +--------+--------+--------+--------+--------+-----+--------+

Top non-repeatable levels by time:
     D:1: 1204 daAuts
     D:2: 999 daAuts
     D:3: 661 daAuts
